 Dungeon Crawl Stone Soup version 0.27-a0-1065-ge809cff456 (webtiles) character file.

Game seed: 12900884166697132750

27122 shoop the Schismatic (level 13, -7/90 HPs)
             Began as a Demonspawn Abyssal Knight on Apr 22, 2021.
             Was an Elder of Lugonu.
             Mangled by a dire elephant simulacrum (41 damage)
             ... summoned by Lugonu's corruption
             ... on level 4 of the Lair of Beasts on Apr 23, 2021.
             The game lasted 01:02:06 (25793 turns).

shoop the Schismatic (Demonspawn Abyssal Knight)   Turns: 25793, Time: 01:02:06

Health: -7/90      AC:  9    Str: 15    XL:     13   Next: 2%
Magic:  18/22      EV: 32    Int: 22    God:    Lugonu [****..]
Gold:   1069       SH:  5    Dex: 13    Spells: 18/22 levels left

rFire    . . .     SeeInvis .   a - +0 hand axe (distort)
rCold    . . .     Faith    .   D - +0 buckler
rNeg     . . .     Spirit   .   O - +1 leather armour
rPois    .         Reflect  .   (helmet unavailable)
rElec    .         Harm     .   (no cloak)
rCorr    .         Rampage  .   d - +0 pair of gloves
Will     .....                  Q - +0 pair of boots
Stlth    ++........             w - amulet of the acrobat
HPRegen  0.25/turn              I - +6 ring of intelligence
MPRegen  0.36/turn              T - +4 ring of evasion

@: acrobatic, silenced
A: horns 3, icy blue scales 2, powered by death 2, magic regeneration
a: Renounce Religion


You were on level 4 of the Lair of Beasts.
You worshipped Lugonu.
Lugonu was greatly pleased with you.
You visited 4 branches of the dungeon, and saw 17 of its levels.
You visited the Abyss 1 time.
You also visited: Ossuary and Bailey.

You collected 1225 gold pieces.
You spent 156 gold pieces at shops.

Inventory:

Hand Weapons
 a - a +0 hand axe of distortion (weapon)
 b - a +0 halberd
Missiles
 m - 72 poisoned darts (quivered)
 W - 3 javelins
Armour
 d - a +0 pair of gloves (worn)
 D - a +0 buckler (worn)
 O - a +1 leather armour (worn)
 Q - a +0 pair of boots (worn)
Jewellery
 k - a ring of flight
 q - a ring of ice
 w - an amulet of the acrobat (around neck)
 E - a ring of magical power
 F - a ring of see invisible
 I - a +6 ring of intelligence (left hand)
 S - a ring of protection from cold
 T - a +4 ring of evasion (right hand)
Wands
 s - a wand of iceblast (9)
 u - a wand of paralysis (14)
 z - a wand of mindburst (6)
 G - a wand of charming (15)
 M - a wand of acid (3)
 Z - a wand of polymorph (8)
Scrolls
 g - 4 scrolls of amnesia
 h - 2 scrolls of magic mapping {unknown}
 i - 6 scrolls of teleportation
 j - 2 scrolls of silence {unknown}
 n - 2 scrolls of noise {unknown}
 p - 5 scrolls of enchant armour
 t - a scroll of immolation
 x - 2 scrolls of vulnerability {unknown}
 y - 2 scrolls of enchant weapon {unknown}
 H - 2 scrolls of fog
 J - a scroll of blinking
 L - 2 scrolls of summoning {unknown}
 R - a scroll of holy word {unknown}
 U - a scroll of acquirement
 X - a scroll of torment
Potions
 c - a potion of ambrosia
 e - 5 potions of cancellation
 f - 4 potions of mutation
 l - 3 potions of heal wounds
 o - 2 potions of haste
 r - 2 potions of attraction
 v - 2 potions of flight {unknown}
 A - 6 potions of curing {unknown}
 B - 2 potions of lignification {unknown}
 C - a potion of might
 K - 2 potions of resistance {unknown}
 N - 2 potions of brilliance {unknown}
Miscellaneous
 P - a lightning rod (4/4)


   Skills:
 + Level 4.5 Fighting
 - Level 11.5 Polearms
 - Level 1.0 Throwing
 - Level 2.0 Armour
 - Level 5.0 Dodging
 - Level 2.0 Stealth
 - Level 4.0 Shields
 - Level 5.0 Spellcasting
 - Level 5.0 Summonings
 - Level 12.0 Ice Magic
 - Level 13.0 Invocations
 + Level 4.4 Evocations


You had 18 spell levels left.
You knew the following spells:

 Your Spells              Type           Power      Damage    Failure   Level
a - Summon Ice Beast      Ice/Summ       42%        N/A       3%          4

Your spell library contained the following spells:

 Spells                   Type           Power      Damage    Failure   Level
 Summon Small Mammal      Summ           100%       N/A       1%          1
 Call Imp                 Summ           27%        N/A       2%          2
 Call Canine Familiar     Summ           27%        N/A       4%          3
 Ice Form                 Ice/Tmut       31%        N/A       11%         4
 Beastly Appendage        Tmut           10%        N/A       12%         1
 Foxfire                  Conj/Fire      20%        2x1d5     12%         1
 Summon Guardian Golem    Hex/Summ       16%        N/A       13%         3
 Wereblood                Tmut           5%         N/A       19%         2
 Conjure Flame            Conj/Fire      5%         6-21      36%         3
 Inner Flame              Hex/Fire       5%         N/A       36%         3
 Spider Form              Tmut/Pois      2%         N/A       36%         3
 Summon Lightning Spire   Summ/Air       16%        N/A       41%         4
 Sticky Flame             Conj/Fire      5%         2d3       77%         4
 Fireball                 Conj/Fire      2%         3d4       98%         5
 Hydra Form               Tmut           2%         N/A       98%         5


Dungeon Overview and Level Annotations

Branches:
Dungeon (10/15)            Temple (1/1) D:6            Lair (5/6) D:8
 Shoals (0/4) Lair:2        Snake (0/4) Lair:3          Orc (1/2) D:9
Ossuary (visited)          Bailey (visited)
  Slime: Lair:5-6

Altars:
Ashenzari
Gozag
Hepliaklqana
Nemelex Xobeh
Okawaru
Uskayaw
Xom
Zin
Beogh

Shops:
D:5 *:   D:9 *

Annotations:
D:4 1 runed translucent door, Crazy Yiuf
D:5 exclusion: ice beast, Sigmund
D:7 4 runed translucent doors, 2 transporters, benadryl's ghost, novice TrHu
Lair:1 Gastronok
Lair:3 exclusion: ice beast
Lair:4 corrupted
Orc:1 Fannar
Abyss:1 Erolcha; Joseph


Innate Abilities, Weirdness & Mutations

You have a pair of large horns on your head.
You are mostly covered in icy blue scales. (AC +3)
You regenerate health from kills.
You regenerate magic rapidly.


Message History

The starspawn's tentacles wither and die.
The ufetubus hits the death yak.
The ufetubus barely misses the death yak.
The cacodemon hits the death yak!!
The cacodemon hits the death yak!
The death yak dies!
Unknown command.
You block the starcursed mass's attack. The starcursed mass barely misses you.
What are your orders? t - Shout!
Orders for allies: a - Attack new target. r - Retreat! s - Stop attacking. g - Guard the area. f - Follow me.
Anything else - Cancel.
You shout for attention!
What are your orders? t - Shout!
Orders for allies: a - Attack new target. r - Retreat! s - Stop attacking. g - Guard the area. f - Follow me.
Anything else - Cancel.
You shout for attention!
The ufetubus disappears in a puff of smoke!
The ynoxinul completely misses you.
The ufetubus disappears in a puff of smoke!
What are your orders? t - Shout!
Orders for allies: a - Attack new target. r - Retreat! s - Stop attacking. g - Guard the area. f - Follow me.
Anything else - Cancel.
You shout for attention!
The ufetubus disappears in a puff of smoke!
You block the silent spectre's attack.
The dire elephant simulacrum completely misses you.
The dire elephant simulacrum trunk-slaps you but does no damage.
The dire elephant simulacrum completely misses you.
The dire elephant simulacrum trunk-slaps you.
The dire elephant simulacrum freezes you!!!
You die...

..... ##......####..#
##..... #..##...#.#..#
#P.....## #..x.........#
#.......# #...#........P
#..#...###h...X§.###..#
#.....X.h.....#..3##..#
....x..........§#.#....
##..#.Xx#22...#..#.2##.#
#.....W@.ut..#.h3.##....
#.....##Z.....5.#..##...
##L.3..X#.#†#.....###...
#..3..hx...3X##..###P..#
#..[3X.X....35#..# ##...
##.......#..####..h#...#
.....#..3X.....#.#..#
.3X#.#X##.h..##.# #..#
## 5#3X3XX#.##..#


You could see 3 neutral starcursed masses, a neutral cyan very ugly thing
(summoned, wandering), a neutral cacodemon (summoned, wandering), a neutral
revenant (summoned, wandering), a neutral hell hog (summoned, wandering), a
neutral apocalypse crab (summoned, wandering), a neutral large abomination
(summoned, wandering), a neutral silent spectre (summoned, wandering,
silencing), 2 neutral sixfirhies, a neutral smoke demon (summoned, wandering), a
neutral tormentor (summoned, wandering), a neutral raiju (summoned, wandering),
a neutral neqoxec (summoned, wandering), a neutral ynoxinul (summoned,
wandering), 2 neutral small abominations, a neutral white imp (summoned,
wandering) and a neutral dire elephant simulacrum (summoned, wandering).

Vanquished Creatures
  A two-headed ogre (D:9)
  Pikel (D:5)
  A cane toad (Lair:4)
  A komodo dragon (Lair:2)
  5 rime drakes
  A dream sheep (Lair:3)
  7 blink frogs
  A spriggan (Lair:2)
  9 yaks
  7 wyverns
  2 steam dragons
  Menkaure (D:7)
  Edmund (D:6)
  2 acid dragons
  2 nagas (Lair:3)
  2 water moccasins
  Duvessa (D:5)
  A nameless horror (Lair:2)
  3 ice beasts
  7 orc warriors
  A necrophage (D:7)
  7 black bears
  4 ogres
  8 wolves
  5 centaurs
  A lemure (D:5)
  A phantom (D:7)
  4 kobold brigands
  8 bullfrogs
  2 scorpions (D:7)
  Dowan (D:4)
  A water moccasin zombie (D:6)
  A wyvern skeleton (D:6)
  6 killer bees
  5 wights (D:6)
  A howler monkey (D:7)
  2 centaur zombies
  4 orc priests
  2 gnoll shamans
  3 bullfrog skeletons
  4 centaur skeletons
  Ijyb (D:3)
  3 iguanas
  9 orc wizards
  A killer bee zombie (D:6)
  A hound skeleton (D:5)
  8 mummies (Ossuary)
  8 gnolls
  5 adders
  2 howler monkey skeletons
  4 white imps
  2 ufetubi (D:5)
  An adder skeleton (D:4)
  2 worms (D:3)
  A dart slug (D:1)
  47 orcs
  8 endoplasms
  5 giant cockroaches
  4 gnoll zombies (Ossuary)
  10 goblins
  11 hobgoblins
  14 jackals
  31 kobolds
  2 quokkas (D:3)
  5 ball pythons
  2 bats
  5 frilled lizards
  3 hobgoblin zombies (Ossuary)
  A kobold zombie (Ossuary)
  6 rats
329 creatures vanquished.

Vanquished Creatures (collateral kills)
  3 hydras
  A death yak (Lair:4)
  A two-headed ogre (Orc:1)
  2 komodo dragons
  7 cane toads
  6 rime drakes (Lair:3)
  A polar bear (Lair:3)
  A snapping turtle (Lair:2)
  3 blink frogs
  3 dream sheep (Lair:3)
  2 spriggans (Lair:2)
  A yak (Lair:4)
  2 wyverns
  3 steam dragons (Lair:3)
  2 nagas (Lair:3)
  A water moccasin (Lair:1)
  2 orc warriors (Bailey)
  8 wolves
  4 bullfrogs
  2 killer bees (Lair:5)
  An electric eel (Lair:2)
56 creatures vanquished.

Vanquished Creatures (others)
  3 death yaks (Lair:4)
  4 yaks (Lair:4)
  A nameless horror (Lair:3)
  26 fungi
  94 plants
  5 starspawn tentacles (Lair:4)
133 creatures vanquished.

Grand Total: 518 creatures vanquished

Notes
Turn   | Place    | Note
-------+----------+-------------------------------------------
     0 | Abyss:1  | shoop the Demonspawn Abyssal Knight began the quest for the
                  | Orb.
     0 | Abyss:1  | Reached XP level 1. HP: 18/18 MP: 2/2
    77 | D:1      | Escaped the Abyss
   134 | D:1      | Reached skill level 3 in Invocations
   246 | D:1      | Gained mutation: You regenerate magic rapidly. [demonic
                  | ancestry]
   246 | D:1      | Reached XP level 2. HP: 24/24 MP: 4/4
   827 | D:1      | Reached ** piety under Lugonu
   828 | D:1      | Gained mutation: You are partially covered in icy blue
                  | scales. (AC +2) [demonic ancestry]
   828 | D:1      | Reached XP level 3. HP: 29/29 MP: 5/5
  1444 | D:2      | Reached skill level 4 in Invocations
  1721 | D:2      | Gained mutation: You have a pair of small horns on your
                  | head. [demonic ancestry]
  1721 | D:2      | Reached XP level 4. HP: 35/35 MP: 7/7
  1864 | D:3      | Noticed Ijyb
  2016 | D:3      | Found a hide-covered altar of Uskayaw.
  2113 | D:3      | Reached *** piety under Lugonu
  2459 | D:3      | Killed Ijyb
  2567 | D:3      | Noticed a necrophage
  2607 | D:4      | Reached skill level 1 in Stealth
  2607 | D:4      | Gained mutation: You are mostly covered in icy blue scales.
                  | (AC +3) [demonic ancestry]
  2607 | D:4      | Reached XP level 5. HP: 38/41 MP: 8/8
  2648 | D:4      | Reached skill level 1 in Throwing
  3055 | D:4      | Noticed an ogre
  3464 | D:4      | Reached skill level 5 in Invocations
  3464 | D:4      | Reached skill level 1 in Evocations
  3834 | D:4      | Found a runed translucent door.
  3835 | D:4      | Noticed Crazy Yiuf
  3886 | D:5      | Entered Level 5 of the Dungeon
  3886 | D:5      | Found Tesieng's Book Boutique.
  3887 | D:5      | Noticed an ice beast
  3919 | D:5      | Reached **** piety under Lugonu
  3920 | D:5      | Gained mutation: You regenerate a little health from kills.
                  | [demonic ancestry]
  3920 | D:5      | Reached XP level 6. HP: 35/47 MP: 9/9
  4110 | D:5      | Found a sparkling altar of Nemelex Xobeh.
  4154 | D:5      | Noticed Sigmund
  4432 | D:5      | Noticed Pikel
  4472 | D:5      | Killed Pikel
  4473 | D:5      | Reached skill level 5 in Polearms
  4473 | D:5      | Reached skill level 6 in Invocations
  4473 | D:5      | Reached XP level 7. HP: 47/52 MP: 10/12
  4853 | D:5      | Reached skill level 7 in Invocations
  5095 | D:5      | Found Tekhla's Assorted Antiques.
  5105 | D:5      | Bought a fizzy silvery potion for 18 gold pieces
  5105 | D:5      | Bought a lumpy purple potion for 18 gold pieces
  5143 | D:5      | Noticed Duvessa
  5382 | D:4      | Gained mutation: You have a pair of horns on your head.
                  | [demonic ancestry]
  5382 | D:4      | Reached XP level 8. HP: 38/58 MP: 13/13
  5633 | D:5      | Noticed Dowan
  5675 | D:4      | Reached skill level 8 in Invocations
  5965 | D:5      | Killed Duvessa
  5974 | D:4      | Killed Dowan
  6446 | D:6      | Noticed Edmund
  6456 | D:5      | Bought a scroll labelled MOGHED FIFU ECYI for 21 gold
                  | pieces
  6456 | D:5      | Bought a sapphire potion for 18 gold pieces
  6456 | D:5      | Bought a scroll labelled YBOYDASAZAK for 21 gold pieces
  6456 | D:5      | Bought a scroll labelled CUEFEU NATOMAA for 21 gold pieces
  6456 | D:5      | Bought a scroll labelled YBOYDASAZAK for 21 gold pieces
  6456 | D:5      | Bought a puce potion for 18 gold pieces
  6911 | D:6      | Found a staircase to the Ecumenical Temple.
  6924 | D:6      | Reached skill level 9 in Invocations
  7771 | D:6      | Reached skill level 10 in Invocations
  7771 | D:6      | Reached XP level 9. HP: 58/63 MP: 14/16
  7946 | Temple   | Entered the Ecumenical Temple
  8555 | D:6      | Killed Edmund
  8757 | D:6      | Found an iron altar of Okawaru.
  9005 | D:7      | Reached skill level 11 in Invocations
  9432 | D:7      | Found a huge runed translucent gate.
  9432 | D:7      | Found a huge runed translucent gate.
  9432 | D:7      | Found a huge runed translucent gate.
  9432 | D:7      | Found a huge runed translucent gate.
  9432 | D:7      | Noticed a death yak
  9432 | D:7      | Noticed a polar bear
  9432 | D:7      | Noticed a manticore
  9433 | D:7      | Noticed a death yak
  9433 | D:7      | Noticed a polar bear
  9442 | D:7      | Found a transporter.
  9443 | D:7      | Noticed benadryl's ghost (novice TrHu)
  9447 | D:7      | Noticed a two-headed ogre
  9448 | D:7      | Found a transporter.
 10044 | D:7      | Found a broken altar of Ashenzari.
 10370 | D:7      | Noticed Menkaure
 10380 | D:7      | Killed Menkaure
 10381 | D:7      | Reached skill level 12 in Invocations
 11253 | D:8      | Found a sand-covered staircase.
 11258 | Ossuary  | Entered an ossuary
 11584 | Ossuary  | Gained mutation: You regenerate health from kills. [demonic
                  | ancestry]
 11584 | Ossuary  | Reached XP level 10. HP: 70/70 MP: 19/19
 11780 | D:8      | Found an opulent altar of Gozag.
 11781 | D:8      | Found a hazy altar of Hepliaklqana.
 11784 | D:8      | Found a staircase to the Lair.
 12696 | D:8      | Reached skill level 13 in Invocations
 12720 | D:8      | Reached skill level 10 in Polearms
 14172 | D:9      | Noticed a two-headed ogre
 14172 | D:9      | Banished a two-headed ogre
 14411 | D:9      | Learned a level 4 spell: Summon Ice Beast
 14450 | D:9      | Noticed Joseph
 14470 | D:9      | Banished Joseph
 14471 | D:9      | Reached skill level 1 in Ice Magic
 14748 | D:9      | Reached skill level 1 in Summonings
 14870 | D:9      | Reached skill level 1 in Spellcasting
 14986 | D:9      | Found a staircase to the Orcish Mines.
 15009 | D:9      | Reached XP level 11. HP: 21/75 MP: 20/20
 15447 | D:9      | Reached skill level 1 in Dodging
 15482 | D:9      | Noticed a two-headed ogre
 15522 | D:9      | Killed a two-headed ogre
 15758 | D:9      | Noticed Erolcha
 15895 | D:9      | Banished Erolcha
 16177 | D:9      | Found Menaos's Lightly-Used Armoury.
 16270 | D:9      | Found a shimmering altar of Xom.
 16319 | D:10     | Entered Level 10 of the Dungeon
 16330 | D:10     | Noticed a six-headed hydra
 16389 | Orc:1    | Entered Level 1 of the Orcish Mines
 16393 | Orc:1    | Reached skill level 5 in Ice Magic
 16421 | Orc:1    | Noticed Fannar
 16453 | Orc:1    | Found a flagged portal.
 16690 | Orc:1    | Identified the +10 halberd of Ascent {holy, Str+2 Int+6}
 16698 | Bailey   | Entered a bailey
 17724 | Bailey   | Noticed an orc knight
 18347 | Orc:1    | Noticed a two-headed ogre
 18359 | Orc:1    | Killed a two-headed ogre
 18635 | Lair:1   | Entered Level 1 of the Lair of Beasts
 18768 | Lair:1   | Noticed a five-headed hydra
 18779 | Lair:1   | Killed a five-headed hydra
 19013 | Lair:1   | Noticed a four-headed hydra
 19023 | Lair:1   | Killed a four-headed hydra
 19074 | Lair:1   | Identified a scroll of acquirement
 19139 | Lair:1   | Noticed Gastronok
 19222 | Lair:1   | Reached skill level 5 in Summonings
 19838 | Lair:2   | Gained mutation: You have a pair of large horns on your
                  | head. [demonic ancestry]
 19838 | Lair:2   | Reached XP level 12. HP: 52/81 MP: 8/21
 19843 | Lair:2   | HP: 4/81 [poisoned by a cane toad]
 20158 | Lair:2   | Found a staircase to the Shoals.
 20372 | Lair:2   | Noticed a seven-headed hydra
 20379 | Lair:2   | Killed a seven-headed hydra
 20596 | Lair:2   | Reached skill level 5 in Spellcasting
 20694 | Lair:2   | You fall into a shaft and drop 2 floors!
 21465 | Lair:3   | You fall into a shaft and drop 1 floor!
 21586 | Lair:3   | Found a staircase to the Snake Pit.
 21931 | Lair:2   | Reached skill level 5 in Dodging
 21931 | Lair:2   | Reached skill level 10 in Ice Magic
 22717 | Lair:3   | Reached skill level 1 in Shields
 22799 | Lair:3   | HP: 2/81 [rime drake/flash freeze (20)]
 24431 | Lair:4   | Noticed a boulder beetle
 24448 | Lair:4   | Banished a boulder beetle
 25294 | Lair:4   | Noticed a death yak
 25295 | Lair:4   | Noticed a death yak
 25333 | Lair:5   | Noticed a six-headed hydra
 25334 | Lair:5   | Banished a six-headed hydra
 25567 | Lair:5   | Noticed a death yak
 25570 | Lair:5   | Noticed a death yak
 25579 | Lair:4   | Reached XP level 13. HP: 74/89 MP: 15/22
 25743 | Lair:4   | Corrupted Lair:4
 25743 | Lair:4   | Noticed a tentacled starspawn
 25743 | Lair:4   | Noticed a tentacled starspawn
 25744 | Lair:4   | Noticed a cyan very ugly thing
 25744 | Lair:4   | Noticed a revenant
 25744 | Lair:4   | Noticed a starcursed mass
 25744 | Lair:4   | Noticed a cacodemon
 25744 | Lair:4   | Noticed a starcursed mass
 25746 | Lair:4   | HP: 1/90 [smoke demon[Lugonu's corruption] (7)]
 25766 | Lair:4   | Noticed a starcursed mass
 25773 | Lair:4   | Noticed a blizzard demon
 25777 | Lair:4   | Noticed a tentacled starspawn
 25793 | Lair:4   | Mangled by a dire elephant simulacrum

Illustrated notes

Levels and vault maps discovered:
D:1:      tarquinn_simple_flora_water_d, layout_loops_ring, minivault_4
D:2:      layout_rooms
D:3:      layout_basic, eat_drink_and_be_merry_uskayaw, uniq_ijyb
D:4:      layout_rooms, minmay_tree_intersection, grunt_decor_resistance,
          uniq_crazy_yiuf_cottage
D:5:      layout_loops_ring, lemuel_tele_altar, kennysheep_mini_moat,
          serial_shops, shop, kennysheep_mini,
          nicolae_shop_competitors_out_of_business, minmay_misc_feat_x,
          kennysheep_generic_room_9, uniq_sigmund, uniq_duvessa, uniq_pikel
D:6:      layout_basic, kennysheep_okawaru_gauntlet,
          minmay_temple_entry_slanted, uniq_edmund
D:7:      lemuel_bear_cage, layout_gridville, evilmike_ruin_ashenzari,
          gammafunk_ghost_smash, chequers_serial_rivers_micro_a, uniq_menkaure
D:8:      layout_loops_cross, gammafunk_temple_overflow_forgotten,
          minmay_lair_entry_grove, lightli_ossuary_entry_decrepit_ruins,
          corexii_checkpoint_a, minmay_puff
D:9:      layout_gridville, lemuel_round_altar, minmay_orc_entry_temple_small,
          minmay_shop_damaged, minmay_misc_feat_enclosed,
          small_chamber_with_monster, uniq_erolcha, uniq_joseph
D:10:     layout_basic, overflow_temple_1_default, serial_shops, shop
Temple:   minmay_temple_bridge_abc
Lair:1:   layout_cellular_growth, fungi_pond_lemuel, grunt_megastairs_5,
          lemuel_fruit_fields, infiniplex_staircase_pool_2, uniq_gastronok
Lair:2:   wad_woods_settlement, layout_regular_city, minmay_shoals_entry_hut,
          grunt_megastairs_4
Lair:3:   layout_cave_shapes, minmay_snake_entry_guardpost_small, serial_rivers,
          chequers_serial_rivers_large_a, chequers_serial_rivers_micro_e,
          chequers_serial_rivers_room_b, chequers_serial_rivers_small_3,
          chequers_serial_rivers_micro_c, chequers_serial_rivers_small_b,
          wad_woods_road_01, minivault_26, bobbens_dragon_lair_wall
Lair:4:   layout_long_grid
Lair:5:   wad_woods_minihive, layout_regular_city,
          minmay_slime_entry_oklob_enclosed, ebering_ghost_disaster_area,
          nicolae_lair_grove_arrangements, kennysheep_basilisk_garden
Orc:1:    layout_caves, enter_bailey_2, basic_altar, uniq_fannar

Skill      XL: |  1  2  3  4  5  6  7  8  9 10 11 12 |
---------------+-------------------------------------+-----
Polearms       | 2 3 5 7 9 11 | 11.5
Invocations    | 3 4 5 6 7 10 12 13 | 13.0
Stealth        | 1 2 |  2.0
Throwing       | 1 |  1.0
Evocations     | 1 3 4 |  4.4
Ice Magic      | 2 7 12 | 12.0
Summonings     | 1 5 |  5.0
Spellcasting   | 1 4 5 |  5.0
Dodging        | 3 5 |  5.0
Armour         | 2 |  2.0
Shields        | 4 |  4.0
Fighting       | 4 |  4.5

Action                   |  1- 3 |  4- 6 |  7- 9 | 10-12 | 13-15 || total
-------------------------+-------+-------+-------+-------+-------++-------
Melee: Spear             |   206 |   274 |   190 |    28 |       ||   698
       Headbutt          |       |    40 |    68 |   108 |     4 ||   220
       Halberd           |       |       |   270 |   362 |       ||   632
       Hand axe          |       |       |       |   328 |     9 ||   337
Throw: Dart              |       |     6 |    27 |    62 |       ||    95
 Cast: Summon Ice Beast  |       |       |       |   133 |     4 ||   137
Invok: Banish            |       |       |     6 |    20 |       ||    26
       Bend Space        |       |       |       |     1 |       ||     1
       Corrupt           |       |       |       |       |     1 ||     1
Evoke: Wand              |       |     1 |       |    11 |       ||    12
       Lightning rod     |       |       |       |     4 |       ||     4
  Use: Scroll            |       |       |     6 |     6 |       ||    12
       Potion            |       |       |     2 |     3 |     1 ||     6
 Stab: Sleeping          |     1 |     3 |     4 |     2 |       ||    10
       Distracted        |       |     1 |       |     5 |       ||     6
       Paralysed         |       |     2 |       |     1 |       ||     3
Armor: Leather armour    |    53 |    78 |   139 |   221 |     3 ||   494
Dodge: Dodged            |    94 |   105 |   223 |   540 |    16 ||   978
Block: Buckler           |       |       |       |    35 |     3 ||    38

Table legend: (Time is in decaauts)
 A = Elapsed time spent in this place.
 B = Non-inter-level travel time spent in this place.
 C = Inter-level travel time spent in this place.
 D = Time resting spent in this place.
 E = Time spent auto-exploring this place.
 F = Levels seen in this place.
 G = Mean time per level.
                   A        B        C        D        E       F      G
               +--------+--------+--------+--------+--------+-----+--------+
         Total |  25734 |  24924 |    810 |   5736 |  14985 |  20 | 1286.7 |
       Dungeon |  16024 |  15366 |    658 |   2548 |  10282 |  10 | 1602.4 |
        Temple |     76 |     76 |      0 |     74 |      0 |   1 |   76.0 |
          Lair |   7175 |   7023 |    152 |   1774 |   4269 |   5 | 1435.0 |
  Orcish Mines |    404 |    404 |      0 |    227 |     53 |   1 |  404.0 |
         Abyss |     77 |     77 |      0 |      0 |     71 |   1 |   77.0 |
       Ossuary |    399 |    399 |      0 |     81 |    148 |   1 |  399.0 |
        Bailey |   1578 |   1578 |      0 |   1031 |    161 |   1 | 1578.0 |
               +--------+--------+--------+--------+--------+-----+--------+

Top non-repeatable levels by time:
  Lair:2: 3091 daAuts
     D:9: 2775 daAuts
     D:5: 2324 daAuts
     D:7: 2314 daAuts
     D:6: 2107 daAuts
     D:8: 2074 daAuts
     D:4: 1736 daAuts
  Lair:3: 1610 daAuts
  Bailey: 1578 daAuts
  Lair:4: 1419 daAuts
     D:1: 1156 daAuts
  Lair:1: 1032 daAuts
     D:3: 887 daAuts
     D:2: 623 daAuts
   Orc:1: 404 daAuts
